 Dungeon Crawl Stone Soup version 0.25-a0-285-gcba6f664f8 (webtiles) character file.

Game seed: 7075328496198272818, levelgen mode: deterministic

49 night the Stinger (level 3, -2/24 HPs)
             Began as a Demonspawn Venom Mage on Dec 11, 2019.
             Slain by Grinder (5 damage)
             ... on level 3 of the Dungeon.
             The game lasted 00:04:34 (2034 turns).

night the Stinger (Demonspawn Venom Mage)           Turns: 2034, Time: 00:04:34

Health: -2/24      AC:  5    Str:  8    XL:     3   Next: 53%
Magic:  3/7        EV: 12    Int: 17    God:
Gold:   54         SH:  0    Dex: 13    Spells: 2/8 levels left

rFire    . . .     SeeInvis .   b - +0 dagger
rCold    . . .     Gourm    .   (no shield)
rNeg     . . .     Faith    .   a - +0 robe
rPois    .         Spirit   .   l - +0 helmet
rElec    .         Reflect  .   (no cloak)
rCorr    .         Harm     .   (no gloves)
MR       .....                  (no boots)
Stlth    ++........             (no amulet)
HPRegen  0.08/turn              (no ring)
MPRegen  0.10/turn              (no ring)

@: very slightly contaminated
A: slimy green scales 1
a: no special abilities


You were on level 3 of the Dungeon.
You were not hungry.

You visited 1 branch of the dungeon, and saw 3 of its levels.

You collected 54 gold pieces.

Inventory:

Hand Weapons
 b - a +0 dagger (weapon)
Armour
 a - a +0 robe (worn)
 l - a +0 helmet (worn)
 o - a +0 large shield
 r - a +0 scale mail
Scrolls
 d - a scroll of blinking {unknown}
 e - a scroll of teleportation {unknown}
 f - 2 scrolls of amnesia {unknown}
 g - 3 scrolls of identify {unknown}
 i - a scroll of noise {unknown}
 n - a scroll of remove curse {unknown}
 q - a scroll of fear {unknown}
Potions
 h - a potion of ambrosia {unknown}
 j - a potion of brilliance {unknown}
 k - 2 potions of lignification {unknown}
 m - 2 potions of curing {unknown}
 p - a potion of cancellation {unknown}
Comestibles
 c - 5 rations
 s - 2 chunks of flesh


   Skills:
 - Level 1.7 Dodging
 - Level 1.7 Stealth
 + Level 3.0 Spellcasting
 - Level 0.8 Transmutations
 + Level 3.9 Poison Magic


You had 2 spell levels left.
You knew the following spells:

 Your Spells              Type           Power        Failure   Level  Hunger
a - Sting                 Tmut/Pois      ##..         7%          1    None
b - Poisonous Vapours     Pois/Air       #.....       12%         2    ##.....
c - Mephitic Cloud        Conj/Pois/Air  #.......     30%         3    ###....

Your spell library contained the following spells:

 Spells                   Type           Power        Failure   Level  Hunger
 Ignite Poison            Fire/Tmut/Pois #.......     26%         3    ###....
 Olgreb's Toxic Radiance  Pois           ###.....     34%         4    ####...


Dungeon Overview and Level Annotations

Branches:
Dungeon (3/15)

Altars:
Nemelex Xobeh
Yredelemnul

Annotations:
D:3 Grinder


Innate Abilities, Weirdness & Mutations

You are partially covered in slimy green scales. (AC +2)


Message History

Casting: Sting (safe; 7% risk of failure)
Confirm with . or Enter, or press ? or * to list all spells.
Aiming: Sting (safe; 7% risk of failure)
Press: ? - help, Shift-Dir - straight line, f/p - Grinder
Aim: Grinder (lightly wounded, poisoned)
The sting hits Grinder.
Grinder partially resists.
Grinder is lightly wounded.
Grinder gestures at you. Pain shoots through your body!
Casting: Sting (safe; 7% risk of failure)
Confirm with . or Enter, or press ? or * to list all spells.
Aiming: Sting (safe; 7% risk of failure)
Press: ? - help, Shift-Dir - straight line, f/p - Grinder
Aim: Grinder (lightly wounded, poisoned)
The sting hits Grinder.
Grinder looks even sicker.
Grinder is lightly wounded.
Grinder hits you.
* * * LOW HITPOINT WARNING * * *
You writhe in agony.
You die...

.###.######
......?...##
.......>...##
............#
............#
(...........#
.......5....#
.......@....#
...........##
(.........##
##...######
#(#. # #


You could see Grinder.

Vanquished Creatures
  2 adders (D:2)
  A worm (D:2)
  A leopard gecko (D:2)
  3 bats
  3 giant cockroaches (D:2)
  2 goblins
  6 hobgoblins
  3 frilled lizards (D:2)
  2 gnoll zombies (D:2)
  3 kobolds
26 creatures vanquished.

Notes
Turn   | Place    | Note
-------+----------+-------------------------------------------
     0 | D:1      | night the Demonspawn Venom Mage began the quest for the
                  | Orb.
     0 | D:1      | Reached XP level 1. HP: 13/13 MP: 3/3
   529 | D:1      | Gained mutation: You are partially covered in slimy green
                  | scales. (AC +2) [demonic ancestry]
   529 | D:1      | Reached XP level 2. HP: 13/19 MP: 0/5
   711 | D:2      | Learned a level 2 spell: Poisonous Vapours
   779 | D:2      | Found a sparkling altar of Nemelex Xobeh.
  1169 | D:2      | Reached XP level 3. HP: 24/24 MP: 1/7
  1265 | D:2      | Learned a level 3 spell: Mephitic Cloud
  1971 | D:2      | Found a basalt altar of Yredelemnul.
  2019 | D:3      | Noticed Grinder
  2025 | D:3      | Paralysed by Grinder for 6 turns
  2034 | D:3      | Slain by Grinder

Levels and vault maps discovered:
D:1:      mainiacjoe_arrival_reflecting_pool, layout_basic
D:2:      layout_basic, lemuel_zombie_altar_yredelemnul,
          nemelex_spade_bored_becter
D:3:      layout_rooms, first_ration, portal_sewer_entry_e, uniq_grinder

Skill      XL: |  1  2  3 |
---------------+----------+-----
Spellcasting   | 3 |  3.0
Dodging        | |  1.7
Stealth        | |  1.7
Transmutations | |  0.8
Poison Magic   | |  3.9

Action                   || total
-------------------------++-------
Melee: Unarmed           ||    32
       Dagger            ||     3
 Cast: Sting             ||    48
       Poisonous Vapours ||     6
  Eat: Chunk             ||     4
Armor: Robe              ||     9
Dodge: Dodged            ||    33

Table legend:
 A = Non-vault XP
 B = Vault XP
 C = Vault XP percentage of total XP
 D = Non-vault monster count
 E = Vault monster count
 F = Vault count percentage of total count
                 A         B        C        D         E       F
            +---------+---------+-------+---------+---------+-------
      Total |      68 |       3 |   4.2 |      24 |       2 |   7.7
            +---------+---------+-------+---------+---------+-------
        D:1 |      15 |       0 |   0.0 |       8 |       0 |   0.0
        D:2 |      53 |       3 |   5.4 |      16 |       2 |  11.1
            +---------+---------+-------+---------+---------+-------
